 Dungeon Crawl Stone Soup version 0.31-a0-507-gbafd7f5274 (webtiles) character file.

Game seed: 14814654111343205001

1486 lunkers the Martial Artist (level 9, 0/67 HPs)
             Began as a Meteoran Shapeshifter on Aug 3, 2023.
             Was a Follower of Makhleb.
             Succumbed to a water moccasin's poison
             ... on level 7 of the Dungeon on Aug 9, 2023.
             The game lasted 00:05:06 (2267 turns).

lunkers the Martial Artist (Meteoran Shapeshifter)  Turns: 2267, Time: 00:05:07

Health: 0/67       AC:  5    Str: 16    XL:     9   Next: 28%
Magic:  10/11      EV: 12    Int: 11    God:    Makhleb [*.....]
Gold:   180        SH:  5    Dex: 19    Spells: 8/8 levels left

rFire   + .          .
                       - Unarmed
rCold   + . .        (no shield)
rNeg    . . .        j - +0 ring mail
rPois   +            (helmet currently unavailable)
rElec   +            (cloak currently unavailable)
rCorr   +            (gloves currently unavailable)
SInv    .            (boots currently unavailable)
Will    ++...        p - amulet of reflection
Stlth   +            i - ring of willpower
HPRegen 0.31/turn    (no ring)
MPRegen 0.12/turn

%: reflection
@: lethally poisoned (0 -> -1), beast-form, resistant, glowing
A: beast (slay +4), sense surroundings 2, otherworldly, glowing, explore regen
a: Begin Untransformation, Renounce Religion


You were on level 7 of the Dungeon.
You worshipped Makhleb.
Makhleb was aware of your devotion.
You were a hulking beast.
You visited 1 branch of the dungeon, and saw 7 of its levels.

You collected 180 gold pieces.

Inventory:

Missiles
 q - 6 curare-tipped darts
Armour
 a - a +0 animal skin
 j - a +0 ring mail (worn)
 u - a +0 pair of boots
 v - a +0 kite shield
Jewellery
 i - a ring of willpower (left hand)
 p - an amulet of reflection (around neck)
Talismans
 c - a beast talisman (active)
Wands
 r - a wand of iceblast (11)
Scrolls
 b - a scroll of identify
 h - 3 scrolls of fog
 m - a scroll of fear
 s - a scroll of enchant armour {unknown}
 w - a scroll of silence {unknown}
Potions
 d - a potion of resistance
 e - 2 potions of curing {unknown}
 f - 2 potions of attraction {unknown}
 g - a potion of invisibility {unknown}
 k - 2 potions of might {unknown}
 l - a potion of brilliance {unknown}
 n - a potion of mutation {unknown}
 o - a potion of enlightenment {unknown}
 t - 2 potions of degeneration {unknown}


   Skills:
 + Level 2.0 Fighting
 + Level 2.7 Dodging
 * Level 10.6 Unarmed Combat
 + Level 1.6 Invocations
 + Level 7.0 Shapeshifting


You had 8 spell levels left.
You didn't know any spells.
Your spell library contained the following spells:

 Spells                   Type           Power      Damage    Failure   Level
 Shock                    Conj/Air       0%         1d3       56%         1
 Blink                    Tloc           0%         N/A       71%         2
 Ensorcelled Hibernation  Hex/Ice        0%         N/A       71%         2
 Lesser Beckoning         Tloc           0%         N/A       71%         2
 Momentum Strike          Conj/Tloc      0%         3d8       71%         2
 Passwall                 Tmut/Erth      0%         N/A       71%         2
 Wereblood                Tmut           0%         N/A       71%         2
 Swiftness                Air            0%         N/A       90%         3
 Airstrike                Air            0%         2d(0-16)  100%        4
 Manifold Assault         Tloc           0%         N/A       100%        4
 Irradiate                Conj/Tmut      0%         3d11      100%        5


Dungeon Overview and Level Annotations

Branches:
Dungeon (7/15) Zot: 1962   Temple (0/1) D:4

Altars:
Makhleb
Okawaru


Innate Abilities, Weirdness & Mutations

You are a hulking beast.
Your limbs bulge with bestial killing power. (Slay +4)
You passively map the area around you.
You are easily found by Zot.
You glow in the dark.
You regain HP and MP as you explore.


Message History

You feel sick. The water moccasin bites you.
* * * LOW HITPOINT WARNING * * *
The gnoll bouda barely misses you. The gnoll hits you with a +0 club.
* * * LOW HITPOINT WARNING * * *
Okay, then.
You hit the water moccasin.
The water moccasin is heavily wounded.
You feel sick.
The gnoll is no longer moving quickly.
The water moccasin barely misses you.
Unknown command.
You barely miss the water moccasin.
The water moccasin is heavily wounded.
You feel sick. The water moccasin barely misses you.
You block the gnoll's attack.
Unknown command.
You punch the water moccasin!
The water moccasin is almost dead.
You feel sick.
The water moccasin bites you but does no damage.
You block the gnoll's attack.
The water moccasin bites you but does no damage.
The gnoll bouda hits you with a +0 club!
* * * LOW HITPOINT WARNING * * *
Unknown command.
You closely miss the water moccasin.
The water moccasin is almost dead.
You feel sick. The water moccasin bites you!
* * * LOW HITPOINT WARNING * * *
The gnoll hits you with a +0 club.
* * * LOW HITPOINT WARNING * * *
You punch the water moccasin!
You kill the water moccasin!
Makhleb accepts your kill.
The gnoll is no longer moving quickly. x2
The gnoll bouda hits you with a +0 club!
* * * LOW HITPOINT WARNING * * *
Your Fighting skill increases to level 2!
Your Shapeshifting skill increases to level 7!
You feel protected.
You die...

, ,, , ,, ,,,,
...# *.......
, * ,,,, ...*
....... ,, *
,,
..###....... ,
, ,
..#........ ,
, ,, ,, , ,
.......... * ,
, ,,
#......... ,
#......... * ,
, * #gh# * , ,
, * ##g# ,, **
####g## * * ,,
, #..cgg### ,
##.......####
, ,
#...........#
* ,
#...<.......#*
, ,,,*
#............
* , ,
#.........c.<.


You could see a centaur, a gnoll bouda and 4 gnolls.

Vanquished Creatures
  4 yaks (D:6)
  A water moccasin (D:7)
  A centaur (D:5)
  A phantom (D:5)
  A bullfrog (D:6)
  2 scorpions
  A howler monkey (D:5)
  3 orc priests (D:5)
  3 jellies
  A sleepcap (D:5)
  3 iguanas
  An orc wizard (D:5)
  A gnoll (D:7)
  6 adders
  An ufetubus (D:7)
  2 worms (D:2)
  5 orcs
  6 endoplasms
  2 giant cockroaches
  4 goblins
  5 hobgoblins
  3 kobolds
  3 quokkas
  3 ball pythons
  A bat (D:1)
  A frilled lizard (D:3)
  4 rats
69 creatures vanquished.

Notes
Turn   | Place    | Note
-------+----------+-------------------------------------------
     0 | D:1      | lunkers the Meteoran Shapeshifter began the quest for the
                  | Orb.
     0 | D:1      | Reached XP level 1. HP: 16/16 MP: 2/2
   124 | D:1      | Reached XP level 2. HP: 15/23 MP: 3/3
   146 | D:1      | Reached skill level 4 in Unarmed Combat
   700 | D:2      | Reached XP level 3. HP: 14/28 MP: 4/4
   716 | D:2      | Found a burning altar of Makhleb.
   747 | D:2      | Upgraded the game from 0.31-a0-455-g1a7b003ef0 to
                  | 0.31-a0-507-gbafd7f5274
   758 | D:2      | Became a worshipper of Makhleb the Destroyer
   769 | D:2      | Found a faded altar of an unknown god.
   810 | D:3      | Reached XP level 4. HP: 35/35 MP: 5/5
   834 | D:3      | Reached skill level 5 in Unarmed Combat
   949 | D:3      | Found an iron altar of Okawaru.
  1010 | D:4      | Noticed a scorpion
  1015 | D:4      | Killed a scorpion
  1016 | D:4      | Reached XP level 5. HP: 40/40 MP: 6/6
  1086 | D:4      | Identified the +1 bardiche of Infection {vamp, *Noise rPois
                  | Dex+3}
  1122 | D:4      | Reached skill level 6 in Unarmed Combat
  1255 | D:4      | Found a staircase to the Ecumenical Temple.
  1337 | D:5      | Entered Level 5 of the Dungeon
  1359 | D:5      | Reached XP level 6. HP: 47/47 MP: 7/7
  1375 | D:5      | Noticed a centaur
  1381 | D:5      | Reached skill level 7 in Unarmed Combat
  1381 | D:5      | Reached skill level 5 in Shapeshifting
  1387 | D:5      | Killed a centaur
  1388 | D:5      | Reached XP level 7. HP: 24/52 MP: 8/8
  1452 | D:5      | Reached * piety under Makhleb
  1600 | D:5      | Reached skill level 8 in Unarmed Combat
  1805 | D:6      | Noticed a yak
  1806 | D:6      | Noticed a yak
  1807 | D:6      | Noticed a yak
  1807 | D:6      | Noticed a yak
  1822 | D:6      | Reached XP level 8. HP: 59/59 MP: 9/9
  1832 | D:6      | Killed a yak
  1833 | D:6      | Reached skill level 9 in Unarmed Combat
  1836 | D:6      | Killed a yak
  1837 | D:6      | Killed a yak
  1838 | D:6      | Reached skill level 10 in Unarmed Combat
  1841 | D:6      | Killed a yak
  1842 | D:6      | Gained mutation: You passively map the area around you.
                  | [Meteoran growth]
  1842 | D:6      | Reached XP level 9. HP: 53/64 MP: 10/10
  2238 | D:6      | Reached skill level 1 in Invocations
  2266 | D:7      | HP: 1/67 [gnoll bouda/+0 club (7)]
  2267 | D:7      | Succumbed to a water moccasin's poison

Illustrated notes

Levels and vault maps discovered:
D:1:      minmay_arrival_three_doors, layout_basic, roderic_nine_men_s_morris,
          minmay_misc_feat_cross, minmay_liquid_box
D:2:      layout_loops_ring, basic_altar,
          hellmonk_ecumenical_altar_pennies_from_heaven
D:3:      layout_basic, grunt_dithmenos_smoke_and_mirrors,
          mainiacjoe_overflow_brackets
D:4:      layout_gridville, minmay_temple_entry_large_hall
D:5:      layout_loops_ring, nicolae_overflow_hidden_temple,
          nicolae_eternal_life
D:6:      layout_layer_cave, uniq_duvessa
D:7:      layout_cave_pods, worldfamousw_hep_ancestral_shrine, enter_bailey_3

Skill      XL: |  1  2  3  4  5  6  7  8  9 |
---------------+----------------------------+-----
Unarmed Combat | 4 5 6 7 8 10 | 10.6
Shapeshifting  | 4 5 6 7 |  7.0
Invocations    | 1 |  1.6
Fighting       | 2 |  2.0
Dodging        | |  2.7

Action                     |  1- 3 |  4- 6 |  7- 9 || total
---------------------------+-------+-------+-------++-------
  Melee: Unarmed           |    58 |    49 |   116 ||   223
         Punch             |     1 |     3 |     5 ||     9
    Use: Scroll            |       |     4 |     2 ||     6
         Potion            |       |       |     2 ||     2
 Armour: Animal skin       |     2 |       |       ||     2
         Ring mail         |    16 |    16 |    16 ||    48
         Skin              |       |       |    10 ||    10
  Dodge: Dodged            |    29 |    23 |    36 ||    88
  Block: Other             |       |     8 |    28 ||    36
         Reflection        |       |     1 |     1 ||     2

Table legend: (Time is in decaauts)
 A = Elapsed time spent in this place.
 B = Non-inter-level travel time spent in this place.
 C = Inter-level travel time spent in this place.
 D = Time resting spent in this place.
 E = Time spent auto-exploring this place.
 F = Levels seen in this place.
 G = Mean time per level.
                   A        B        C        D        E       F      G
               +--------+--------+--------+--------+--------+-----+--------+
         Total |   2237 |   2145 |     92 |      0 |   1596 |   7 |  319.6 |
       Dungeon |   2237 |   2145 |     92 |      0 |   1596 |   7 |  319.6 |
               +--------+--------+--------+--------+--------+-----+--------+

Top non-repeatable levels by time:
     D:1: 484 daAuts
     D:5: 443 daAuts
     D:6: 441 daAuts
     D:4: 355 daAuts
     D:2: 318 daAuts
     D:3: 172 daAuts
     D:7: 22 daAuts
